 Dungeon Crawl Stone Soup version 0.30-a0-1018-g25214051b3 (webtiles) character file.

Game seed: 13428372990332638880

3 protoss039 the Sneak (level 1, 0/13 HPs)
             Began as a Vampire Enchanter on Apr 7, 2023.
             Slain by a jackal (3 damage)
             ... on level 1 of the Dungeon.
             The game lasted 00:00:42 (88 turns).

protoss039 the Sneak (Vampire Enchanter)              Turns: 88, Time: 00:00:43

Health: 0/13       AC:  2    Str:  7    XL:     1   Next: 41%
Magic:  3/3        EV: 12    Int: 17    God:
Gold:   0          SH:  0    Dex: 14    Spells: 4/4 levels left

rFire   . . .      SeeInvis +    a - +1 dagger
rCold   . . .      Faith    .    (no shield)
rNeg    . . .      Spirit   .    b - +0 robe
rPois   .          Reflect  .    (no helmet)
rElec   .          Rampage  .    (no cloak)
rCorr   .                        (no gloves)
Will    .....                    (no boots)
Stlth   +++                      (no amulet)
HPRegen 0.42/turn                (no ring)
MPRegen 0.08/turn                (no ring)

@: healing quickly
A: alive, fangs 3, see invisible, vampiric 1
a: Exsanguinate


You were on level 1 of the Dungeon.
You visited 1 branch of the dungeon, and saw 1 of its levels.

Inventory:

Hand Weapons
 a - a +1 dagger (weapon)
Armour
 b - a +0 robe (worn)
Scrolls
 d - a scroll of amnesia {unknown}
 e - a scroll of identify {unknown}
Potions
 c - a potion of invisibility


   Skills:
 * Level 0.2 Fighting
 + Level 1.1 Short Blades
 + Level 2.2 Dodging
 * Level 4.5 Stealth
 + Level 2.0 Spellcasting
 + Level 4.4 Hexes


You had 4 spell levels left.
You didn't know any spells.
Your spell library contained the following spells:

 Spells                   Type           Power      Damage    Failure   Level
 Confusing Touch          Hex            16%        N/A       10%         3
 Tukima's Dance           Hex            16%        N/A       10%         3
 Ensorcelled Hibernation  Hex/Ice        18%        N/A       12%         2
 Dazzling Flash           Conj/Hex       18%        N/A       24%         3


Dungeon Overview and Level Annotations

Branches:
Dungeon (1/15) Zot: 5911

Altars:


Innate Abilities, Weirdness & Mutations

Your natural rate of healing is accelerated.
You have razor-sharp teeth.
You have supernaturally acute eyesight. (SInv)
You are afflicted with vampirism.


Message History

Found a scroll labelled UXKOSHR TUOKK.
Found a scroll labelled OBU XASTREZI.
You see here a scroll labelled UXKOSHR TUOKK.
e - a scroll labelled UXKOSHR TUOKK A rat comes into view.
Found a robe.
You flicker for a moment.
Found a tiny citrine amulet.
The helpless rat fails to defend itself.
You puncture the rat!
You kill the rat!
Unknown command.
An endoplasm comes into view.
Unknown command.
The jackal barks!
You hit the jackal.
The jackal is lightly wounded.
You flicker back into view.
The endoplasm quivers.
Unknown command.
You closely miss the jackal.
The jackal is lightly wounded.
The jackal bites you. The jackal barely misses you.
Unknown command.
You barely miss the jackal.
The jackal is lightly wounded.
The jackal closely misses you. The jackal bites you.
Unknown command.
You closely miss the jackal.
The jackal is lightly wounded.
The jackal bites you. x3
The jackal bites you but does no damage.
Unknown command.
You don't know any spells.
The jackal barely misses you. The jackal closely misses you.
Unknown command.
The jackal attacks as you move away! The jackal bites you.
* * * LOW HITPOINT WARNING * * *
The jackal bites you.
You die...

######....#
########....#
#........####
..######.### .
##########...#
...##........#.#.[...#
.......†....[#.###..##
#..Jhh...#.# .(#
#...#@.###.# ...
#..".###......# ..
##... ##.###..# . #.#
#.# #..... #. ...
..#...# . ####.....#.#
# ...###.# .?.. # #.


You could see an endoplasm and 2 jackals.

Vanquished Creatures
  A jackal (D:1)
  A quokka (D:1)
  A rat (D:1)
3 creatures vanquished.

Notes
Turn   | Place    | Note
-------+----------+-------------------------------------------
     0 | D:1      | protoss039 the Vampire Enchanter began the quest for the
                  | Orb.
     0 | D:1      | Reached XP level 1. HP: 13/13 MP: 3/3
    88 | D:1      | Slain by a jackal

Illustrated notes

Levels and vault maps discovered:
D:1:      kennysheep_arrival_seaside, layout_rooms, minmay_quantized

Action                     || total
---------------------------++-------
  Melee: Dagger            ||    14
         Bite              ||     1
    Use: Potion            ||     1
   Stab: Invisible         ||     1
         Sleeping          ||     1
 Armour: Robe              ||     2
  Dodge: Dodged            ||    18

Table legend: (Time is in decaauts)
 A = Elapsed time spent in this place.
 B = Non-inter-level travel time spent in this place.
 C = Inter-level travel time spent in this place.
 D = Time resting spent in this place.
 E = Time spent auto-exploring this place.
 F = Levels seen in this place.
 G = Mean time per level.
                   A        B        C        D        E       F      G
               +--------+--------+--------+--------+--------+-----+--------+
         Total |     87 |     87 |      0 |      0 |     25 |   1 |   87.0 |
       Dungeon |     87 |     87 |      0 |      0 |     25 |   1 |   87.0 |
               +--------+--------+--------+--------+--------+-----+--------+

Top non-repeatable levels by time:
     D:1: 87 daAuts
